IL
DURHAM BULLS @ OMAHA STORM CHASERS
09/04/2045
 
TOP OF THE 1ST
Durham Bulls batting - Pitching for Omaha Storm Chasers : RHP Nick Harmon
Pitching: RHP Nick Harmon
Batting: LHB Davion Lewis 0-0: Swinging Strike
0-1: DOUBLE (Groundball, 5L, EV 103.1 MPH)
Batting: RHB Jeff Brower 0-0: Swinging Strike
0-1: Swinging Strike
0-2: Foul Ball, location: 2F
0-2: Ball
1-2: Foul Ball, location: 2F
1-2: Ball
2-2: Foul Ball, location: 2F
2-2: Foul Ball, location: 2F
2-2: 2-RUN HOME RUN (Flyball, 78XD, EV 105.0 MPH), Distance : 415 ft
Batting: RHB Steve French 0-0: Called Strike
0-1: Swinging Strike
0-2: Ball
1-2: Ball
2-2: Ball
3-2: Base on Balls
Batting: LHB Bill Armijo 0-0: Called Strike
0-1: Foul Ball, location: 2F
0-2: Grounds into double play, 4-6-3 (Groundball, 4, EV 105.0 MPH)
Batting: RHB Nick Sharp 0-0: Ball
1-0: Ground out 1-3 (Groundball, P, EV 71.2 MPH)
Top of the 1st over - 2 runs, 2 hits, 0 errors, 0 left on base; Durham 2 - Omaha 0
BOTTOM OF THE 1ST
Omaha Storm Chasers batting - Pitching for Durham Bulls : RHP Joel Beggs
Pitching: RHP Joel Beggs
Batting: RHB Yuichi Takata 0-0: Foul Ball, location: 2F
0-1: SINGLE (Groundball, 5S, EV 61.9 MPH) (infield hit)
Batting: LHB Roman Downey 0-0: Called Strike
0-1: Called Strike
0-2: Ball
1-2: Foul Ball, location: 2F
1-2: Strikes out swinging
Batting: RHB Muneer Maudad 0-0: Grounds into double play, 5-4-3 (Groundball, 56S, EV 89.4 MPH)
Bottom of the 1st over - 0 runs, 1 hit, 0 errors, 0 left on base; Durham 2 - Omaha 0
TOP OF THE 2ND
Durham Bulls batting - Pitching for Omaha Storm Chasers : RHP Nick Harmon
Batting: RHB Danny Diaz 0-0: Swinging Strike
0-1: Foul Ball, location: 2F
0-2: Ball
1-2: Ball
2-2: Ball
3-2: Foul Ball, location: 2F
3-2: Ground out 1-3 (Groundball, P, EV 70.6 MPH)
Batting: SHB Willie Koviak 0-0: Called Strike
0-1: Ground out U3 (Groundball, 3, EV 82.5 MPH)
Batting: LHB Danny Hull 0-0: Called Strike
0-1: Ball
1-1: Ball
2-1: Called Strike
2-2: Strikes out swinging
Top of the 2nd over - 0 runs, 0 hits, 0 errors, 0 left on base; Durham 2 - Omaha 0
BOTTOM OF THE 2ND
Omaha Storm Chasers batting - Pitching for Durham Bulls : RHP Joel Beggs
Batting: RHB Bob Najar 0-0: Foul Ball, location: 2F
0-1: Ball
1-1: Ball
2-1: Fly out, F9 (Flyball, 9D, EV 95.0 MPH)
Batting: LHB Pete Hansel 0-0: Called Strike
0-1: Ball
1-1: Swinging Strike
1-2: Strikes out swinging
Batting: RHB Eric Sandell 0-0: Ball
1-0: Swinging Strike
1-1: Ball
2-1: Foul Ball, location: 2F
2-2: Strikes out swinging
Bottom of the 2nd over - 0 runs, 0 hits, 0 errors, 0 left on base; Durham 2 - Omaha 0
TOP OF THE 3RD
Durham Bulls batting - Pitching for Omaha Storm Chasers : RHP Nick Harmon
Batting: RHB Jesse Haddad 0-0: Ground out 6-3 (Groundball, 6M, EV 80.0 MPH)
Batting: LHB Davion Lewis 0-0: Ball
1-0: Ground out 1-3 (Groundball, 15, EV 74.4 MPH)
Batting: RHB Jeff Brower 0-0: Called Strike
0-1: Foul Ball, location: 2F
0-2: Foul Ball, location: 2F
0-2: Foul Ball, location: 2F
0-2: Ball
1-2: Ground out 6-3 (Groundball, 6, EV 79.4 MPH)
Top of the 3rd over - 0 runs, 0 hits, 0 errors, 0 left on base; Durham 2 - Omaha 0
BOTTOM OF THE 3RD
Omaha Storm Chasers batting - Pitching for Durham Bulls : RHP Joel Beggs
Batting: RHB Walt Cogswell 0-0: Ball
1-0: Foul Ball, location: 2F
1-1: Ball
2-1: Ball
3-1: Ground out 6-3 (Groundball, 6MD, EV 86.2 MPH)
Batting: LHB Jim Beaver 0-0: Ball
1-0: Called Strike
1-1: Swinging Strike
1-2: Ground out U3 (Groundball, 3, EV 78.8 MPH)
Batting: RHB Joeri Plas 0-0: Called Strike
0-1: Swinging Strike
0-2: Strikes out swinging
Bottom of the 3rd over - 0 runs, 0 hits, 0 errors, 0 left on base; Durham 2 - Omaha 0
TOP OF THE 4TH
Durham Bulls batting - Pitching for Omaha Storm Chasers : RHP Nick Harmon
Pitching: RHP Josh Moncada
Batting: RHB Steve French 0-0: Ball
1-0: Called Strike
1-1: Foul Ball, location: 2F
1-2: Ground out 4-3 (Groundball, 4, EV 94.4 MPH)
Batting: LHB Bill Armijo 0-0: Called Strike
0-1: Ball
1-1: Swinging Strike
1-2: Fly out, F7 (Flyball, 7D, EV 78.8 MPH)
Batting: RHB Nick Sharp 0-0: Foul Ball, location: 2F
0-1: Ball
1-1: Ball
2-1: Ground out 4-3 (Groundball, 4M, EV 87.5 MPH)
Top of the 4th over - 0 runs, 0 hits, 0 errors, 0 left on base; Durham 2 - Omaha 0
BOTTOM OF THE 4TH
Omaha Storm Chasers batting - Pitching for Durham Bulls : RHP Joel Beggs
Batting: RHB Yuichi Takata 0-0: Called Strike
0-1: Swinging Strike
0-2: Ball
1-2: Foul Ball, location: 2F
1-2: Ball
2-2: Foul Ball, location: 2F
2-2: Strikes out swinging
Batting: LHB Roman Downey 0-0: Called Strike
0-1: Foul Ball, location: 2F
0-2: Ball
1-2: Ball
2-2: Fly out, F8 (Flyball, 8LS, EV 90.6 MPH)
Batting: RHB Muneer Maudad 0-0: Ball
1-0: Called Strike
1-1: Called Strike
1-2: Ball
2-2: Ball
3-2: Foul Ball, location: 2F
3-2: Strikes out swinging, 2-3 out at first.
Bottom of the 4th over - 0 runs, 0 hits, 0 errors, 0 left on base; Durham 2 - Omaha 0
TOP OF THE 5TH
Durham Bulls batting - Pitching for Omaha Storm Chasers : RHP Josh Moncada
Batting: RHB Danny Diaz 0-0: SINGLE (Flyball, 3D, EV 90.6 MPH)
Batting: SHB Willie Koviak 0-0: Ball
1-0: Foul Ball, location: 2F
1-1: Ball
2-1: Swinging Strike
2-2: Strikes out looking
Danny Diaz steals 2nd base
Batter strikes out.
Batting: LHB Danny Hull 0-0: Ball
1-0: Swinging Strike
1-1: Ground out 6-3 (Groundball, 6MS, EV 89.4 MPH)
Danny Diaz to third
Batting: RHB Jesse Haddad 0-0: Foul Ball, location: 2F
0-1: Swinging Strike
0-2: Foul Ball, location: 2F
0-2: Strikes out looking
Top of the 5th over - 0 runs, 1 hit, 0 errors, 1 left on base; Durham 2 - Omaha 0
BOTTOM OF THE 5TH
Omaha Storm Chasers batting - Pitching for Durham Bulls : RHP Joel Beggs
Batting: RHB Bob Najar 0-0: Ball
1-0: Swinging Strike
1-1: Swinging Strike
1-2: Strikes out swinging
Batting: LHB Pete Hansel 0-0: Ground out 4-3 (Groundball, 34D, EV 81.9 MPH)
Batting: RHB Eric Sandell 0-0: Ball
1-0: Called Strike
1-1: Called Strike
1-2: Ground out 5-3 (Groundball, 56S, EV 74.4 MPH)
Bottom of the 5th over - 0 runs, 0 hits, 0 errors, 0 left on base; Durham 2 - Omaha 0
TOP OF THE 6TH
Durham Bulls batting - Pitching for Omaha Storm Chasers : RHP Josh Moncada
Batting: LHB Davion Lewis 0-0: Ball
1-0: Called Strike
1-1: Ball
2-1: SINGLE (Line Drive, 56, EV 98.8 MPH)
Batting: RHB Jeff Brower 0-0: Fly out, F4 (Flyball, 4D, EV 85.0 MPH)
Batting: RHB Steve French 0-0: Ball
1-0: Called Strike
1-1: Ball
2-1: Ball
3-1: Foul Ball, location: 2F
3-2: Fielders Choice at 2nd, 5-4 (Groundball, 56, EV 78.1 MPH)
Batting: LHB Bill Armijo 0-0: SINGLE (Flyball, 89S, EV 91.2 MPH)
Steve French to second
Runner from 2nd tries for 3rd, OUT! 9-5
Top of the 6th over - 0 runs, 2 hits, 0 errors, 1 left on base; Durham 2 - Omaha 0
BOTTOM OF THE 6TH
Omaha Storm Chasers batting - Pitching for Durham Bulls : RHP Joel Beggs
Batting: RHB Walt Cogswell 0-0: Ball
1-0: Swinging Strike
1-1: Ball
2-1: Called Strike
2-2: Ball
3-2: Strikes out swinging
Batting: LHB Jim Beaver 0-0: Swinging Strike
0-1: Ball
1-1: Ball
2-1: Ball
3-1: Base on Balls
Batting: RHB Joeri Plas 0-0: Ball
1-0: Foul Ball, location: 2F
1-1: Called Strike
1-2: Ball
2-2: Foul Ball, location: 2F
2-2: SINGLE (Groundball, 34D, EV 96.2 MPH)
Jim Beaver to second
Runner from 2nd tries for 3rd, SAFE, throw by RF made to third
Batting: RHB Yuichi Takata
Pinch Hitting: LHB Danny Bailey 0-0: Swinging Strike
0-1: Ball
1-1: SINGLE (Groundball, 4MD, EV 102.5 MPH)
Jim Beaver scores
Joeri Plas to second
Batting: LHB Roman Downey 0-0: Called Strike
0-1: Ball
1-1: Foul Ball, location: 2F
1-2: Ball
2-2: Fly out, F7 (Flyball, 7D, EV 76.2 MPH)
Batting: RHB Muneer Maudad 0-0: Ball
1-0: Swinging Strike
1-1: Ball
2-1: Fly out, F5 (Popup, 5SF, EV 83.8 MPH)
Bottom of the 6th over - 1 run, 2 hits, 0 errors, 2 left on base; Durham 2 - Omaha 1
TOP OF THE 7TH
Durham Bulls batting - Pitching for Omaha Storm Chasers : RHP Josh Moncada
Pitching: RHP Parker Warr
Now at SS: Marcos Villalobos
Batting: RHB Nick Sharp 0-0: Ball
1-0: TRIPLE (Flyball, 7LD, EV 96.9 MPH)
Batting: RHB Danny Diaz 0-0: Called Strike
0-1: Fly out, F9 (Flyball, 9, EV 83.8 MPH)
Runner from 3rd tags up, SCORES, no throw by RF
Batting: SHB Willie Koviak 0-0: Called Strike
0-1: Foul Ball, location: 2F
0-2: Ball
1-2: Strikes out looking
Batting: LHB Danny Hull 0-0: Called Strike
0-1: Ball
1-1: Swinging Strike
1-2: Strikes out swinging
Top of the 7th over - 1 run, 1 hit, 0 errors, 0 left on base; Durham 3 - Omaha 1
BOTTOM OF THE 7TH
Omaha Storm Chasers batting - Pitching for Durham Bulls : RHP Joel Beggs
Batting: RHB Bob Najar 0-0: Fly out, F9 (Line Drive, 9, EV 90.0 MPH)
Batting: LHB Pete Hansel 0-0: Ball
1-0: Ball
2-0: Foul Ball, location: 2F
2-1: Foul Ball, location: 2F
2-2: Foul Ball, location: 2F
2-2: Fly out, F8 (Line Drive, 8RD, EV 102.5 MPH)
Batting: RHB Eric Sandell 0-0: Called Strike
0-1: Ball
1-1: Ball
2-1: Foul Ball, location: 2F
2-2: Foul Ball, location: 2F
2-2: Strikes out looking
Bottom of the 7th over - 0 runs, 0 hits, 0 errors, 0 left on base; Durham 3 - Omaha 1
TOP OF THE 8TH
Durham Bulls batting - Pitching for Omaha Storm Chasers : RHP Parker Warr
Batting: RHB Jesse Haddad 0-0: Ball
1-0: Ball
2-0: Foul Ball, location: 2F
2-1: Foul Ball, location: 2F
2-2: Foul Ball, location: 2F
2-2: Ground out 1-3 (Groundball, P, EV 65.0 MPH)
Batting: LHB Davion Lewis 0-0: Called Strike
0-1: Ball
1-1: Foul Ball, location: 2F
1-2: Fly out, F7 (Flyball, 78D, EV 87.5 MPH)
Batting: RHB Jeff Brower 0-0: Called Strike
0-1: Foul Ball, location: 2F
0-2: Ball
1-2: Ground out 5-3 (Groundball, 56, EV 83.8 MPH)
Top of the 8th over - 0 runs, 0 hits, 0 errors, 0 left on base; Durham 3 - Omaha 1
BOTTOM OF THE 8TH
Omaha Storm Chasers batting - Pitching for Durham Bulls : RHP Joel Beggs
Pitching: RHP Tyler Lybrand
Batting: RHB Walt Cogswell 0-0: Ground out 5-3 (Groundball, 56, EV 88.1 MPH)
Batting: LHB Jim Beaver 0-0: Ball
1-0: Ball
2-0: Called Strike
2-1: Ball
3-1: Fly out, F8 (Flyball, 8LM, EV 92.5 MPH)
Batting: RHB Joeri Plas 0-0: Ball
1-0: Foul Ball, location: 2F
1-1: Foul Ball, location: 2F
1-2: Ground out 3-1 (Groundball, 34, EV 81.9 MPH)
Bottom of the 8th over - 0 runs, 0 hits, 0 errors, 0 left on base; Durham 3 - Omaha 1
TOP OF THE 9TH
Durham Bulls batting - Pitching for Omaha Storm Chasers : RHP Parker Warr
Batting: RHB Steve French 0-0: Called Strike
0-1: Ball
1-1: Ground out 4-3 (Groundball, 34, EV 81.9 MPH)
Batting: LHB Bill Armijo 0-0: Called Strike
0-1: Fly out, F4 (Line Drive, 4, EV 66.9 MPH)
Batting: RHB Nick Sharp 0-0: Ball
1-0: Ball
2-0: Called Strike
2-1: Foul Ball, location: 2F
2-2: Ball
3-2: Strikes out swinging
Top of the 9th over - 0 runs, 0 hits, 0 errors, 0 left on base; Durham 3 - Omaha 1
BOTTOM OF THE 9TH
Omaha Storm Chasers batting - Pitching for Durham Bulls : RHP Tyler Lybrand
Pitching: RHP Justin Stone
Batting: RHB Marcos Villalobos 0-0: Called Strike
0-1: Foul Ball, location: 2F
0-2: Foul Ball, location: 2F
0-2: Strikes out swinging
Batting: LHB Roman Downey 0-0: Ball
1-0: Ball
2-0: Foul Ball, location: 2F
2-1: Foul Ball, location: 2F
2-2: Strikes out swinging
DELAY Rain delay of 15 minutes in the 9th inning.
Batting: RHB Muneer Maudad 0-0: Ball
1-0: Ground out 5-3 (Groundball, 5, EV 83.1 MPH)
Bottom of the 9th over - 0 runs, 0 hits, 0 errors, 0 left on base; Durham 3 - Omaha 1
Wednesday, June 22nd , 2022 - OOTP Baseball 23.4 Build 64